 Dungeon Crawl Stone Soup version 0.30-a0-760-g5a9884bb7c (webtiles) character file.

Game seed: 14171882088051655550

234 IdlyInterested the Cudgeller (level 5, 0/40 HPs)
             Began as a Demonspawn Gladiator on Feb 10, 2023.
             Slain by a centaur zombie (1 damage)
             ... in an ossuary.
             The game lasted 00:07:14 (3531 turns).

IdlyInterested the Cudgeller (Demonspawn Gladiator) Turns: 3531, Time: 00:07:14

Health: 0/40       AC:  6    Str: 16    XL:     5   Next: 75%
Magic:  5/5        EV: 11    Int:  9    God:
Gold:   178        SH:  0    Dex: 15    Spells: 4/4 levels left

rFire   . . .      SeeInvis +    j - +1 whip (elec)
rCold   . . .      Faith    .    (no shield)
rNeg    . . .      Spirit   .    c - +1 ring mail "Epihos" {SInv}
rPois   .          Reflect  .    (helmet restricted)
rElec   .          Harm     .    (no cloak)
rCorr   .          Rampage  .    (no gloves)
Will    .....                    (no boots)
Stlth   +                        (no amulet)
HPRegen 0.26/turn                (no ring)
MPRegen 0.09/turn                (no ring)

@: hasted, very quick
A: antennae 1, claws 1, hooves 2
a: no special abilities


You were in an ossuary.
You visited 1 branch of the dungeon, and saw 4 of its levels.
You also visited: Ossuary.

You collected 178 gold pieces.

Inventory:

Hand Weapons
 a - a +0 flail
 i - the +9 dagger "Sisasoshosag" {venom, Will+ rCorr Str+2 Dex+3}
   (You found it on level 2 of the Dungeon)

   Str:       It affects your strength (+2).
   Dex:       It affects your dexterity (+3).
   rCorr:     It protects you from acid and corrosion.
   Will:      It increases your willpower.
 j - a +1 whip of electrocution (weapon)
Missiles
 d - 3 throwing nets (quivered)
 e - a javelin
 h - 3 atropa-tipped darts
Armour
 c - the +1 ring mail "Epihos" (worn) {SInv}
   (You found it on level 2 of the Dungeon)

   SInv:      It lets you see invisible.
 n - a +0 ring mail
Wands
 l - a wand of digging (2)
Scrolls
 b - a scroll of enchant weapon {unknown}
 k - 2 scrolls of identify
Potions
 f - a potion of haste


   Skills:
 + Level 2.9 Fighting
 * Level 5.1 Maces & Flails
 - Level 1.7 Throwing
 - Level 1.0 Armour
 - Level 2.6 Dodging
 - Level 1.0 Stealth
 - Level 1.0 Evocations


You had 4 spell levels left.
You didn't know any spells.
Your spell library contained the following spells:

 Spells                   Type           Power      Damage    Failure   Level
 Apportation              Tloc           0%         N/A       61%         1
 Beastly Appendage        Tmut           0%         N/A       61%         1
 Summon Small Mammal      Summ           0%         N/A       61%         1
 Cigotuvi's Dreadful Rot  Necr/Pois/Air  0%         N/A       75%         2
 Poisonous Vapours        Pois/Air       0%         N/A       75%         2
 Scorch                   Fire           0%         2d5       75%         2
 Wereblood                Tmut           0%         N/A       75%         2
 Call Canine Familiar     Summ           0%         N/A       93%         3
 Mephitic Cloud           Conj/Pois/Air  0%         N/A       93%         3
 Spider Form              Tmut/Pois      0%         N/A       93%         3
 Summon Guardian Golem    Hex/Summ       0%         N/A       93%         3
 Flame Wave               Conj/Fire      0%         2d4       100%        4
 Alistair's Intoxication  Tmut/Pois      0%         N/A       100%        5
 Summon Cactus Giant      Summ           0%         N/A       100%        6


Dungeon Overview and Level Annotations

Branches:
Dungeon (4/15)            Ossuary (1/1)
 Temple: D:4-7

Altars:


Innate Abilities, Weirdness & Mutations

You have a pair of small antennae on your head.
You have sharp fingernails.
You have hoof-like feet.


Message History

The goblin zombie hits you but does no damage.
You hit the mummy. You kick the mummy.
The mummy is moderately damaged.
The centaur zombie hits you but does no damage.
The centaur zombie kicks you but does no damage.
You hit the mummy but do no damage. You kick the mummy.
The mummy is heavily damaged.
The centaur zombie misses you.
The centaur zombie kicks you but does no damage.
The goblin zombie barely misses you. The mummy hits you!
You hit the mummy.
The mummy is heavily damaged.
The centaur zombie hits you. The centaur zombie kicks you.
The goblin zombie hits you but does no damage.
You hit the mummy. You kick the mummy.
The mummy is severely damaged.
The centaur zombie closely misses you. x2; The mummy hits you!
* * * LOW HITPOINT WARNING * * *
You feel yourself speed up. The centaur zombie barely misses you.
The centaur zombie misses you.
The goblin zombie completely misses you.
The centaur zombie hits you.
* * * LOW HITPOINT WARNING * * *
The centaur zombie kicks you but does no damage.
You hit the mummy.
You destroy the mummy!
The goblin zombie closely misses you.
You hit the gnoll zombie.
Lightning courses through the gnoll zombie!
You destroy the gnoll zombie!
The centaur zombie misses you. The centaur zombie barely misses you.
You hit the centaur zombie.
Lightning courses through the centaur zombie!
The centaur zombie is heavily damaged.
The centaur zombie barely misses you. x2
The goblin zombie completely misses you.
You barely miss the centaur zombie. You kick the centaur zombie.
The centaur zombie is severely damaged.
The centaur zombie closely misses you. The centaur zombie kicks you.
You die...

##### ##...##
##.....##
#...∩...#
#.......#
#...∩...#
##.....##
##...## #@Z.#
#.Z.#
........
M........#
#...........#
##.........##
...........#
##.........##


You could see a goblin zombie and a centaur zombie.

Vanquished Creatures
  Natasha (thrice) (D:3)
  A mummy (Ossuary)
  3 gnolls (D:3)
  5 adders
  3 worms
  A dart slug (D:3)
  An orc (D:3)
  4 ball pythons
  8 bats
  5 endoplasms
  2 giant cockroaches (D:1)
  A gnoll zombie (Ossuary)
  6 goblins
  3 hobgoblins
  4 jackals (D:1)
  5 kobolds
  2 quokkas
  4 frilled lizards
  A goblin zombie (D:4)
  A quokka zombie (D:4)
  2 rats
65 creatures vanquished.

Notes
Turn   | Place    | Note
-------+----------+-------------------------------------------
     0 | D:1      | IdlyInterested the Demonspawn Gladiator began the quest for
                  | the Orb.
     0 | D:1      | Reached XP level 1. HP: 16/16 MP: 1/1
    74 | D:1      | Reached skill level 3 in Maces & Flails
   114 | D:1      | Discovered your monstrous ancestry.
   114 | D:1      | Gained mutation: You have large cloven feet. [demonic
                  | ancestry]
   114 | D:1      | Reached XP level 2. HP: 22/22 MP: 2/2
   276 | D:1      | Reached skill level 1 in Evocations
   815 | D:1      | Gained mutation: You have a pair of small antennae on your
                  | head. [demonic ancestry]
   815 | D:1      | Reached XP level 3. HP: 22/27 MP: 3/3
  1046 | D:2      | Reached skill level 1 in Stealth
  1238 | D:2      | Identified the +1 ring mail "Epihos" {SInv}
  1434 | D:2      | Identified the +9 dagger "Sisasoshosag" {venom, Will+ rCorr
                  | Str+2 Dex+3}
  1501 | D:2      | Reached skill level 4 in Maces & Flails
  1574 | D:2      | Gained mutation: You have hoof-like feet. [demonic
                  | ancestry]
  1574 | D:2      | Reached XP level 4. HP: 30/33 MP: 4/4
  2208 | D:3      | Reached skill level 1 in Armour
  2637 | D:3      | Gained mutation: You have sharp fingernails. [demonic
                  | ancestry]
  2637 | D:3      | Reached XP level 5. HP: 20/39 MP: 5/5
  2810 | D:3      | Noticed Natasha
  2818 | D:3      | Killed Natasha
  3252 | D:3      | Noticed Natasha
  3263 | D:3      | Killed Natasha
  3456 | D:3      | Noticed Natasha
  3459 | D:3      | Killed Natasha
  3460 | D:3      | Reached skill level 5 in Maces & Flails
  3494 | D:4      | Found a sand-covered staircase.
  3511 | Ossuary  | Entered an ossuary
  3527 | Ossuary  | HP: 1/40 [centaur zombie (3)]
  3531 | Ossuary  | Slain by a centaur zombie

Illustrated notes

Levels and vault maps discovered:
D:1:      scummos_arrival_simple_crosswalls, layout_basic,
          minmay_strange_pillars
D:2:      layout_loops_ring
D:3:      layout_basic, uniq_natasha
D:4:      layout_loops_cross, mainiacjoe_overflow_24_doors, temple_doors_e,
          enter_ossuary_4
Ossuary:  minmay_ossuary_gauntlet

Skill      XL: |  1  2  3  4  5 |
---------------+----------------+-----
Maces & Flails | 3 4 5 |  5.1
Evocations     | 1 |  1.0
Stealth        | 1 |  1.0
Armour         | 1 |  1.0
Fighting       | |  2.9
Throwing       | |  1.7
Dodging        | |  2.6

Action                     |  1- 3 |  4- 6 || total
---------------------------+-------+-------++-------
  Melee: Flail             |   113 |    47 ||   160
         Kick              |    17 |    22 ||    39
         Punch             |     1 |     2 ||     3
         Whip              |       |    35 ||    35
    Use: Scroll            |     2 |     4 ||     6
         Potion            |       |     1 ||     1
   Stab: Sleeping          |     1 |     1 ||     2
 Armour: Leather armour    |    38 |       ||    38
         Ring mail         |    16 |    33 ||    49
  Dodge: Dodged            |    95 |    42 ||   137

Table legend: (Time is in decaauts)
 A = Elapsed time spent in this place.
 B = Non-inter-level travel time spent in this place.
 C = Inter-level travel time spent in this place.
 D = Time resting spent in this place.
 E = Time spent auto-exploring this place.
 F = Levels seen in this place.
 G = Mean time per level.
                   A        B        C        D        E       F      G
               +--------+--------+--------+--------+--------+-----+--------+
         Total |   3562 |   2786 |    776 |    468 |   1656 |   5 |  712.4 |
       Dungeon |   3545 |   2769 |    776 |    468 |   1655 |   4 |  886.2 |
       Ossuary |     17 |     17 |      0 |      0 |      1 |   1 |   17.0 |
               +--------+--------+--------+--------+--------+-----+--------+

Top non-repeatable levels by time:
     D:3: 1430 daAuts
     D:1: 1108 daAuts
     D:2: 979 daAuts
     D:4: 27 daAuts
 Ossuary: 17 daAuts
